 Dungeon Crawl Stone Soup version 0.30-a0-389-g8d7d949f56 (webtiles) character file.

Game seed: 2844026751810176594

16 nimms the Grasshopper (level 2, 0/25 HPs)
             Began as an Armataur Warper on Oct 23, 2022.
             Slain by an orc
             ... wielding a +0 flail
              (1 damage)
             ... on level 3 of the Dungeon on Dec 3, 2022.
             The game lasted 00:04:36 (244 turns).

nimms the Grasshopper (Armataur Warper)              Turns: 244, Time: 00:04:37

Health: 0/25       AC:  6    Str: 16    XL:     2   Next: 41%
Magic:  4/4        EV:  9    Int: 13    God:
Gold:   22         SH:  0    Dex:  9    Spells: 4/4 levels left

rFire   + . .      SeeInvis .      - Unarmed
rCold   . . .      Faith    .    (no shield)
rNeg    . . .      Spirit   .    e - +2 robe {rF+}
rPois   .          Reflect  .    (no helmet)
rElec   .          Harm     .    (no cloak)
rCorr   .          Roll     +    (no gloves)
Will    .....                    (no barding)
Stlth   +.........               (no amulet)
HPRegen 0.24/turn                (no ring)
MPRegen 0.09/turn                (no ring)

@: no status effects
A: large, rugged brown scales 3, deformed body, armoured tail, roll, long
tongue, awkward tongue
a: no special abilities


You were on level 3 of the Dungeon.
You visited 1 branch of the dungeon, and saw 3 of its levels.

You collected 22 gold pieces.

Inventory:

Missiles
 c - 7 boomerangs of dispersal (quivered)
 g - 4 stones
Armour
 a - a +0 leather armour
 e - a +2 robe of fire resistance (worn)
Scrolls
 b - 2 scrolls of blinking
 d - a scroll of fog {unknown}
Potions
 f - a potion of haste {unknown}


   Skills:
 + Level 2.0 Fighting
 + Level 0.8 Throwing
 + Level 1.2 Armour
 + Level 1.5 Dodging
 + Level 1.8 Unarmed Combat
 + Level 1.9 Spellcasting
 + Level 3.4 Translocations


You had 4 spell levels left.
You didn't know any spells.
Your spell library contained the following spells:

 Spells                   Type           Power      Damage    Failure   Level
 Blink                    Tloc           20%        N/A       10%         2
 Lesser Beckoning         Tloc           20%        N/A       19%         3
 Teleport Other           Tloc           10%        N/A       19%         3
 Summon Small Mammal      Summ           4%         N/A       26%         1
 Vhi's Electric Charge    Tloc/Air       10%        N/A       36%         3
 Manifold Assault         Tloc           10%        N/A       54%         4
 Call Canine Familiar     Summ           1%         N/A       61%         3
 Summon Guardian Golem    Hex/Summ       1%         N/A       61%         3


Dungeon Overview and Level Annotations

Branches:
Dungeon (3/15)

Altars:


Innate Abilities, Weirdness & Mutations

You are completely covered in rugged brown scales. (AC +3, +7% HP)
Armour fits poorly on your strangely shaped body.
You have a long armoured tail.
You roll when moving toward enemies. (Rampage)
Your long tongue fully drains potion bottles. (2x potion effects)
Your tongue gives you trouble enunciating. (1.5x scroll delay)


Message History

You kill the orc!
The orc barely misses you. The orc hits you with a +0 flail.
* * * LOW HITPOINT WARNING * * *
The orc hits you but does no damage. The orc barely misses you.
Items here: )) [[ †.
You hit the orc. You tail-slap the orc.
You kill the orc!
The orc hits you but does no damage.
You barely miss the orc. You tail-slap the orc.
The orc is heavily wounded.
The orc hits you with a +0 flail.
* * * LOW HITPOINT WARNING * * *
You barely miss the orc.
The orc is heavily wounded.
The orc barely misses you.
You hit the orc but do no damage.
You tail-slap the orc, but do no damage.
The orc is heavily wounded.
The orc barely misses you.
You barely miss the orc.
The orc is heavily wounded.
The orc hits you with a +0 flail.
* * * LOW HITPOINT WARNING * * *
You closely miss the orc.
The orc is heavily wounded.
The orc closely misses you.
You hit the orc but do no damage. You tail-slap the orc.
The orc is heavily wounded.
The orc misses you.
You barely miss the orc.
The orc is heavily wounded.
The orc hits you with a +0 flail.
* * * LOW HITPOINT WARNING * * *
You hit the orc but do no damage.
The orc is heavily wounded.
The orc barely misses you.
You hit the orc.
The orc is almost dead.
The orc hits you with a +0 flail.
You die...

#.#..# .#..#####
.#...... ..$..#
.....# #....####
############o.......
.......<....@..###
............).......
############.#######
#.# ###


You could see an orc.

Vanquished Creatures
  3 orcs (D:3)
  A giant cockroach (D:2)
  3 goblins (D:1)
  A jackal (D:1)
  2 kobolds (D:1)
  A ball python (D:1)
  A bat (D:1)
  A rat (D:2)
13 creatures vanquished.

Notes
Turn   | Place    | Note
-------+----------+-------------------------------------------
     0 | D:1      | nimms the Armataur Warper began the quest for the Orb.
     0 | D:1      | Reached XP level 1. HP: 18/18 MP: 3/3
   166 | D:1      | Reached XP level 2. HP: 25/25 MP: 4/4
   166 | D:1      | Upgraded the game from 0.30-a0-305-g026cb31310 to
                  | 0.30-a0-389-g8d7d949f56
   239 | D:3      | HP: 1/25 [orc/+0 flail (4)]
   244 | D:3      | Slain by an orc

Illustrated notes

Levels and vault maps discovered:
D:1:      dpeg_arrival_ternary, layout_rooms,
          dreamdust_ecumenical_altar_statues, minmay_misc_feat_room,
          kennysheep_pointless_box, minmay_cut_off
D:2:      layout_loops_ring, basic_altar, uniq_terence
D:3:      layout_basic, zin_scriptorium, chequers_serial_rivers_micro_b,
          eino_curves_03

Skill      XL: |  1  2 |
---------------+-------+-----
Fighting       | 2 |  2.0
Throwing       | |  0.8
Armour         | |  1.2
Dodging        | |  1.5
Unarmed Combat | |  1.8
Spellcasting   | |  1.9
Translocations | |  3.4

Action                   || total
-------------------------++-------
Melee: Unarmed           ||    49
       Tailslap          ||     9
       Punch             ||     1
Armor: Leather armour    ||    11
       Robe              ||     3
Dodge: Dodged            ||    33

Table legend: (Time is in decaauts)
 A = Elapsed time spent in this place.
 B = Non-inter-level travel time spent in this place.
 C = Inter-level travel time spent in this place.
 D = Time resting spent in this place.
 E = Time spent auto-exploring this place.
 F = Levels seen in this place.
 G = Mean time per level.
                   A        B        C        D        E       F      G
               +--------+--------+--------+--------+--------+-----+--------+
         Total |    241 |    104 |    137 |      0 |      0 |   3 |   80.3 |
       Dungeon |    241 |    104 |    137 |      0 |      0 |   3 |   80.3 |
               +--------+--------+--------+--------+--------+-----+--------+

Top non-repeatable levels by time:
     D:1: 168 daAuts
     D:2: 47 daAuts
     D:3: 25 daAuts
